 Dungeon Crawl Stone Soup version 0.30-a0-722-g3e6e8c874d (webtiles) character file.

Game seed: 6448263398236132883

1264 Bnni the Chopper (level 8, -5/65 HPs)
             Began as a Formicid Fighter on Jan 28, 2023.
             Slain by a gnoll sergeant
             ... wielding a +3 spear of flaming
              (9 damage)
             ... on level 6 of the Dungeon.
             The game lasted 00:07:35 (5279 turns).

Bnni the Chopper (Formicid Fighter)                 Turns: 5279, Time: 00:07:36

Health: -5/65      AC: 10    Str: 22    XL:     8   Next: 82%
Magic:  8/8        EV:  7    Int:  9    God:
Gold:   255        SH:  6    Dex: 13    Spells: 7/7 levels left

rFire   . . .      SeeInvis +    a - +0 war axe
rCold   . . .      Faith    +    c - +0 buckler
rNeg    . . .      Spirit   .    v - +0 chain mail
rPois   .          Reflect  .    (helmet unavailable)
rElec   .          Harm     .    (no cloak)
rCorr   +          Rampage  .    e - +0 pair of gloves
Will    +....                    (no boots) Stlth
                                 g - amulet of faith
HPRegen 0.30/turn                s - ring of resist corrosion
MPRegen 0.11/turn                z - ring of willpower

@: no status effects
A: permanent stasis, dig shafts and tunnels, antennae 3, four strong arms
a: Dig, Shaft Self


You were on level 6 of the Dungeon.
You visited 2 branches of the dungeon, and saw 7 of its levels.

You collected 255 gold pieces.

Inventory:

Hand Weapons
 a - a +0 war axe (weapon)
Missiles
 n - 10 poisoned darts
 x - 5 javelins
Armour
 c - a +0 buckler (worn)
 e - a +0 pair of gloves (worn)
 l - a +0 tower shield
 v - a +0 chain mail (worn)
Jewellery
 g - an amulet of faith (around neck)
 s - a ring of resist corrosion (left hand)
 z - a ring of willpower (right hand)
Wands
 u - a wand of flame (10)
 y - a wand of roots (12)
Scrolls
 b - 2 scrolls of fear {unknown}
 f - a scroll of torment {unknown}
 k - 2 scrolls of silence {unknown}
 m - 2 scrolls of poison {unknown}
 p - 2 scrolls of enchant armour {unknown}
 q - a scroll of magic mapping
 A - a scroll of amnesia {unknown}
Potions
 d - 2 potions of might
 h - a potion of curing
 i - a potion of mutation {unknown}
 j - a potion of attraction
 o - a potion of degeneration {unknown}
 r - a potion of haste
 t - a potion of lignification
 w - a potion of heal wounds {unknown}


   Skills:
 + Level 6.4 Fighting
 * Level 7.5 Axes
 - Level 3.2 Armour
 + Level 7.4 Shields


You had 7 spell levels left.
You didn't know any spells.
Your spell library contained the following spells:

 Spells                   Type           Power      Damage    Failure   Level
 Magic Dart               Conj           0%         1d3       99%         1
 Searing Ray              Conj           0%         2d4       99%         2
 Ozocubu's Armour         Ice            0%         N/A       100%        3
 Fulminant Prism          Conj/Hex       0%         3d5       100%        4
 Summon Lightning Spire   Summ/Air       0%         N/A       100%        4
 Ozocubu's Refrigeration  Ice            0%         4d7       100%        7
 Storm Form               Tmut/Air       0%         N/A       100%        7
 Maxwell's Capacitive Co  Air            0%         ∞         100%        8


Dungeon Overview and Level Annotations

Branches:
Dungeon (6/15)             Temple (1/1) D:4

Altars:
Ashenzari
Dithmenos
Elyvilon
Fedhas
Gozag
Hepliaklqana
Makhleb
Nemelex Xobeh
Qazlal
Ru
Sif Muna
Trog
Vehumet
Wu Jian
Xom
Yredelemnul
Zin

Shops:
D:5 (


Innate Abilities, Weirdness & Mutations

You cannot be hasted, slowed, berserked, paralysed or teleported.
You can dig through walls and to a lower floor.
You have a pair of large antennae on your head. (SInv)
Your four strong arms can wield two-handed weapons with a shield.


Message History

The gnoll hits you from afar with a +0 spear.
* * * LOW HITPOINT WARNING * * *
You hit the gnoll sergeant but do no damage.
The gnoll sergeant is almost dead.
You hit the gnoll but do no damage. The gnoll barely misses you.
The gnoll sergeant hits you but does no damage.
The gnoll hits you but does no damage.
The gnoll hits you from afar with a +0 spear.
* * * LOW HITPOINT WARNING * * *
You barely miss the gnoll sergeant.
The gnoll sergeant is almost dead.
You hit the gnoll. You block the gnoll's attack.
The gnoll hits you with a +0 club.
* * * LOW HITPOINT WARNING * * *
The gnoll sergeant barely misses you.
The gnoll hits you from afar with a +0 spear.
* * * LOW HITPOINT WARNING * * *
You block the gnoll's attack. x2
The gnoll hits you from afar with a +0 spear.
* * * LOW HITPOINT WARNING * * *
The gnoll sergeant hits you but does no damage.
The gnoll hits you but does no damage.
You feel better. The gnoll closely misses you.
The gnoll hits you with a +0 club.
* * * LOW HITPOINT WARNING * * *
The gnoll hits you from afar with a +0 spear.
* * * LOW HITPOINT WARNING * * *
The gnoll sergeant closely misses you. The gnoll barely misses you.
You feel better.
The gnoll hits you from afar with a +0 spear.
* * * LOW HITPOINT WARNING * * *
The gnoll closely misses you. You block the gnoll's attack.
The gnoll sergeant hits you with a +3 spear of flaming!
* * * LOW HITPOINT WARNING * * *
The gnoll sergeant burns you.
* * * LOW HITPOINT WARNING * * *
The gnoll barely misses you. You block the gnoll's attack.
The gnoll sergeant hits you from afar with a +3 spear of flaming!
You die...

... ##. ......... ..
####.. ..#......
####.###.... #......
#..........# #......
#..........##### ........
#....g.....#..:..)#......
#......gg....#######.....
#.....g.g..####..........
#.......@..#....###......
#......†...#.#### #<.....
#.............#####......
####.....................
#......#...#####......
########...# #......
##### #...... #######


You could see a gnoll sergeant and 4 gnolls.

Vanquished Creatures
  Edmund (D:4)
  A black bear (D:6)
  An ogre (D:5)
  A phantom (D:5)
  A bullfrog (D:5)
  Blork the orc (D:5)
  2 scorpions
  2 necrophages
  A howler monkey (D:6)
  2 hounds
  A jelly (D:5)
  2 orc priests (D:4)
  5 iguanas
  9 adders
  A white imp (D:6)
  4 ufetubi
  4 worms
  4 dart slugs
  7 orcs
  9 ball pythons
  3 bats
  7 endoplasms
  4 giant cockroaches
  4 goblins
  4 hobgoblins
  6 jackals
  5 kobolds
  3 quokkas
  A frilled lizard (D:2)
  4 rats
100 creatures vanquished.

Vanquished Creatures (others)
  29 plants
29 creatures vanquished.

Grand Total: 129 creatures vanquished

Notes
Turn   | Place    | Note
-------+----------+-------------------------------------------
     0 | D:1      | Bnni the Formicid Fighter began the quest for the Orb.
     0 | D:1      | Reached XP level 1. HP: 18/18 MP: 1/1
   215 | D:1      | Reached XP level 2. HP: 24/24 MP: 2/2
   377 | D:1      | Found a faded altar of an unknown god.
   912 | D:2      | Reached XP level 3. HP: 29/29 MP: 3/3
  1265 | D:2      | Reached XP level 4. HP: 35/37 MP: 4/4
  2327 | D:3      | Reached XP level 5. HP: 28/42 MP: 5/5
  2779 | D:4      | Found a staircase to the Ecumenical Temple.
  2788 | Temple   | Entered the Ecumenical Temple
  3104 | D:4      | Noticed Edmund
  3129 | D:4      | Killed Edmund
  3130 | D:4      | Reached skill level 5 in Shields
  3130 | D:4      | Reached XP level 6. HP: 7/49 MP: 6/6
  3352 | D:4      | Reached skill level 5 in Axes
  3580 | D:4      | Found a hazy altar of Hepliaklqana.
  3702 | D:4      | Found a bloodstained altar of Trog.
  3702 | D:4      | Found an opulent altar of Gozag.
  3763 | D:5      | Entered Level 5 of the Dungeon
  3923 | D:5      | Reached skill level 5 in Fighting
  3923 | D:5      | Reached XP level 7. HP: 56/56 MP: 7/7
  4084 | D:5      | Noticed Blork the orc
  4095 | D:5      | HP: 2/56 [Blork the orc/puff of frost (4)]
  4096 | D:5      | Killed Blork the orc
  4366 | D:5      | Reached XP level 8. HP: 45/63 MP: 8/8
  4589 | D:5      | Found Carhoom's Weapon Boutique.
  4671 | D:5      | Found a radiant altar of Vehumet.
  5278 | D:6      | HP: 3/65 [gnoll sergeant/+3 spear of flaming (3)]
  5279 | D:6      | Slain by a gnoll sergeant

Illustrated notes

Levels and vault maps discovered:
D:1:      dpeg_arrival_stone_temple_mockup, layout_basic,
          shapermc_ecumenical_altar_totnotflames
D:2:      layout_loops_corners, minmay_tall_x
D:3:      layout_loops_corners
D:4:      layout_rooms, nicolae_hepliaklqana_hazy_memory,
          nicolae_overflow_two_pavilions, minmay_temple_entry_slanted,
          uniq_edmund
D:5:      layout_loops_ring, mainiacjoe_overflow_catwalk, serial_shops, shop,
          serial_bayou_lagoon_a, uniq_blork_the_orc
D:6:      layout_rooms, nicolae_take_the_stairs
Temple:   oiseaux_autumnal_temple

Skill      XL: |  1  2  3  4  5  6  7  8 |
---------------+-------------------------+-----
Axes           | 3 4 5 6 7 |  7.5
Fighting       | 4 5 6 |  6.4
Shields        | 5 6 7 |  7.4
Armour         | |  3.2

Action                     |  1- 3 |  4- 6 |  7- 9 || total
---------------------------+-------+-------+-------++-------
  Melee: War axe           |    68 |   156 |   137 ||   361
  Throw: Dart              |       |     5 |       ||     5
    Use: Potion            |       |     1 |     2 ||     3
         Scroll            |       |       |     5 ||     5
 Armour: Scale mail        |    31 |    57 |       ||    88
         Chain mail        |       |    17 |    86 ||   103
  Dodge: Dodged            |    35 |    56 |    56 ||   147
  Block: Buckler           |    11 |    35 |    45 ||    91

Table legend: (Time is in decaauts)
 A = Elapsed time spent in this place.
 B = Non-inter-level travel time spent in this place.
 C = Inter-level travel time spent in this place.
 D = Time resting spent in this place.
 E = Time spent auto-exploring this place.
 F = Levels seen in this place.
 G = Mean time per level.
                   A        B        C        D        E       F      G
               +--------+--------+--------+--------+--------+-----+--------+
         Total |   5394 |   5201 |    193 |    282 |   3992 |   7 |  770.6 |
       Dungeon |   4978 |   4818 |    160 |    188 |   3720 |   6 |  829.7 |
        Temple |    416 |    383 |     33 |     94 |    272 |   1 |  416.0 |
               +--------+--------+--------+--------+--------+-----+--------+

Top non-repeatable levels by time:
     D:5: 1183 daAuts
     D:2: 1017 daAuts
     D:3: 935 daAuts
     D:1: 814 daAuts
     D:4: 660 daAuts
  Temple: 416 daAuts
     D:6: 366 daAuts
